 Dungeon Crawl Stone Soup version 0.23.2-30-g0e89c35649 (webtiles) character file.

Game seed: 1709990681911280633

10169 n0claF the Archer (level 11, -19/92 HPs)
             Began as a Centaur Hunter on June 21, 2019.
             Was a High Priest of Okawaru.
             Killed from afar by Fannar (27 damage)
             ... with a bolt of cold
             ... on level 9 of the Dungeon.
             The game lasted 01:03:33 (16132 turns).

n0claF the Archer (Centaur Hunter)                 Turns: 16132, Time: 01:03:34

Health: -19/92     AC:  6    Str: 15    XL:     11   Next: 32%
Magic:  20/20      EV: 14    Int: 10    God:    Okawaru [*****.]
Gold:   448        SH:  3    Dex: 13    Spells: 10/10 levels left

rFire    . . .     SeeInvis .   b - +7 falchion "Beomif" {drain, rPois MR+}
rCold    . . .     Gourm    .   (no shield)
rNeg     + . .     Faith    .   k - +0 steam dragon scales
rPois    +         Spirit   .   (no helmet)
rElec    .         Reflect  +   (no cloak)
rCorr    .         Harm     .   o - +0 pair of gloves
MR       +....                  (no barding)
Stlth    +.........             J - +3 amulet of reflection
HPRegen  0.25/turn              B - ring of magical power
MPRegen  0.17/turn              l - ring of positive energy

@: berserk cooldown, slowed
A: large, hooves 3, deformed body, speed 2, tough skin 3
a: Heroism, Finesse, Renounce Religion


You were on level 9 of the Dungeon.
You worshipped Okawaru.
Okawaru was extremely pleased with you.
You were not hungry.

You visited 2 branches of the dungeon, and saw 11 of its levels.

You collected 602 gold pieces.
You spent 154 gold pieces at shops.

Inventory:

Hand Weapons
 a - a +2 shortbow
 b - the +7 falchion "Beomif" (weapon) {drain, rPois MR+}
   (You found it on level 8 of the Dungeon)

   A truly terrible weapon, it drains the life of those it strikes.
   It protects you from poison.
   It affects your resistance to hostile enchantments.
 G - the +2 dagger "Dawofa" {freeze, MP+9 Str+3 Dex+4}
   (You found it on level 7 of the Dungeon)

   It has been specially enchanted to freeze those struck by it, causing extra
   injury to most foes and up to half again as much damage against particularly
   susceptible opponents.
   It can also slow down cold-blooded creatures.
   It affects your strength (+3).
   It affects your dexterity (+4).
   It affects your magic capacity (+9).
Missiles
 d - 43 arrows
Armour
 k - +0 steam dragon scales (worn)
   (You found it on level 10 of the Dungeon)
 o - a +0 pair of gloves (worn)
   (You found it on level 2 of the Dungeon)
 p - the +0 robe of the Five Friends {rF+}
   (You found it on level 8 of the Dungeon)

   It protects you from fire.
Jewellery
 l - a ring of positive energy (right hand)
   (You found it on level 1 of the Dungeon)
 y - an uncursed amulet of regeneration {!d}
   (You found it on level 8 of the Dungeon)
 B - a ring of magical power (left hand)
   (You found it on level 5 of the Dungeon)
 J - a +3 amulet of reflection (around neck)
   (You found it on level 9 of the Dungeon)
Wands
 c - a wand of disintegration (2) {!d}
   (You took it off an orc wizard on level 4 of the Dungeon)
 v - a wand of digging (1)
   (You bought it in a shop on level 6 of the Dungeon)
Scrolls
 h - 2 scrolls of enchant weapon
 i - 3 scrolls of immolation {!r}
 m - a scroll of remove curse {@r2}
 q - 2 scrolls of teleportation {@r4}
 r - 4 scrolls of blinking
 w - 3 scrolls of fear
 A - 2 scrolls of enchant armour
 H - a scroll of identify {@r1}
Potions
 f - a potion of degeneration {!q!d}
 g - a potion of berserk rage
 j - a potion of mutation {unknown}
 n - 2 potions of ambrosia
 s - a potion of experience
 u - a potion of lignification {unknown}
 z - a potion of heal wounds {unknown}
 C - 2 potions of brilliance
 D - a potion of agility {unknown}
 E - a potion of might {unknown}
 F - a potion of magic
 K - a potion of flight {unknown}
Comestibles
 e - 18 rations {!d}


   Skills:
 + Level 7.6 Fighting
 * Level 3.5 Short Blades
   Level 5.1 Maces & Flails
 * Level 13.9 Bows
 * Level 8.2 Dodging
 - Level 0.4 Stealth


You had 10 spell levels left.
You didn't know any spells.
Your spell library contained the following spells:

 Spells                   Type           Power        Failure   Level  Hunger
 Freeze                   Ice            #...         36%         1    ##.....
 Magic Dart               Conj           #...         36%         1    ##.....
 Shock                    Conj/Air       #...         36%         1    ##.....
 Blink                    Tloc           N/A          50%         2    ###....
 Call Imp                 Summ           #.......     50%         2    ###....
 Slow                     Hex            #.......     50%         2    ###....
 Swiftness                Chrm/Air       #.......     50%         2    ###....
 Throw Frost              Conj/Ice       #.....       50%         2    ###....
 Conjure Flame            Conj/Fire      #.......     75%         3    ####...
 Mephitic Cloud           Conj/Pois/Air  #.......     75%         3    ####...
 Ozocubu's Armour         Chrm/Ice       #.......     75%         3    ####...
 Static Discharge         Conj/Air       #.......     75%         3    ####...
 Airstrike                Air            #.........   98%         4    #####..
 Summon Ice Beast         Ice/Summ       #.......     98%         4    #####..
 Throw Icicle             Conj/Ice       #.......     98%         4    #####..
 Lightning Bolt           Conj/Air       #.........   100%        5    ######.


Dungeon Overview and Level Annotations

Branches:
Dungeon (10/15)            Temple (1/1) D:6            Lair (0/6) D:8
    Orc: D:9-12

Altars:
Ashenzari
Cheibriados
Dithmenos
Elyvilon
Fedhas
Gozag
Hepliaklqana
Kikubaaqudgha
Nemelex Xobeh
Okawaru
Qazlal
Ru
Sif Muna
Trog
Uskayaw
Vehumet
Xom
Yredelemnul
Zin
The Shining One

Shops:
D:5 (   D:6 }

Annotations:
D:9 Fannar


Innate Abilities, Weirdness & Mutations

You have hooves in place of feet.
Armour fits poorly on your strangely shaped body.
You cover ground very quickly.
You have extremely tough skin. (AC +3)


Message History

Fannar drains the heat from the surrounding environment!
You feel very cold.
* * * LOW HITPOINT WARNING * * *
Fannar is frozen.
Fannar resists.
The ice beast hits you.
* * * LOW HITPOINT WARNING * * *
The ice beast freezes you!
* * * LOW HITPOINT WARNING * * *
You closely miss Fannar.
Fannar casts a spell.
The ice beast barely misses you. Fannar misses you.
You barely miss Fannar.
The ice beast hits you but does no damage.
Fannar hits you but does no damage. You block the ice beast's attack.
You hit Fannar but do no damage. You drain Fannar.
The ice beast barely misses you. x2
You hit the ice beast.
The ice beast closely misses you. x2; You riposte.
You hit the ice beast.
You kick the ice beast, but do no damage.
The ice beast closely misses you.
Fannar gestures wildly while chanting.
Fannar drains the heat from the surrounding environment!
You feel very cold.
* * * LOW HITPOINT WARNING * * *
Fannar is frozen.
Fannar resists.
The ice beast hits you but does no damage.
You miss Fannar. You kick Fannar, but do no damage.
Fannar hits you with a +0 quarterstaff of freezing!
* * * LOW HITPOINT WARNING * * *
Fannar freezes you.
* * * LOW HITPOINT WARNING * * *
The ice beast barely misses you.
You riposte.
You closely miss the ice beast.
You kick the ice beast, but do no damage.
The ice beast hits you but does no damage. x2
Fannar misses you. The ice beast barely misses you.
You hit Fannar. The ice beast hits you.
* * * LOW HITPOINT WARNING * * *
The ice beast freezes you!
* * * LOW HITPOINT WARNING * * *
The ice beast barely misses you. Fannar hits you but does no damage.
You block the ice beast's attack.
You barely miss Fannar. The ice beast barely misses you.
Fannar glares icily.
You block Fannar's attack.
The ice beast hits you but does no damage. x2
Fannar mumbles some strange words.
You hit Fannar but do no damage. Your kick misses Fannar.
The ice beast closely misses you. x2
Fannar casts a spell at you. The bolt of cold hits you!!
You die...

......).#.# #####.#..#...........
###.###[#.###.....#..#...........
#.....#.....#.########.......#+##
..........#.#....##.......#..#.##
#..####.#Y#.####.##.########....#
#.#######'#########...##.##..#..#
#.#...........(.#..##.##........#
#.#............e##.##.##.......##
#.#............Y@.....##.[##...##
#.#......#....YY####.####........
#.#....##.##....#..........###.##
#.#....#...#....#.....###..#...##
###...#..#(.#...#.....# ##.###.#.
###....#...#....#.....# #.......
..#....##.##....#.....## #######.
.##......#......#......# ##
.##.............#......# #


You could see Fannar and 3 ice beasts.

Vanquished Creatures
  Erica (D:9)
  2 two-headed ogres
  A manticore (D:10)
  A gargoyle (D:10)
  A komodo dragon (D:8)
  A hippogriff (D:10)
  A hog (shapeshifter) (D:10)
  4 yaks (D:4)
  2 wyverns (D:8)
  4 hogs (D:7)
  A steam dragon (D:10)
  Eustachio (D:6)
  A hungry ghost (D:8)
  2 humans
  A vampire mosquito (D:10)
  An acid dragon (D:8)
  2 soldier ants (D:10)
  5 orc warriors
  3 sky beasts
  An ice beast (D:6)
  A phantom (D:8)
  2 black bears (D:8)
  3 ogres
  A crocodile (D:8)
  6 centaurs
  3 bullfrogs
  A gnoll sergeant (D:9)
  2 scorpions
  11 killer bees
  4 wights (D:8)
  6 crimson imps
  7 hounds
  3 jellies
  2 bullfrog zombies
  A centaur skeleton (D:6)
  6 orc priests
  A bullfrog skeleton (D:7)
  12 orc wizards
  2 iguanas
  5 worker ants
  A howler monkey zombie (D:7)
  7 gnolls
  10 adders
  A shadow imp (D:5)
  A worm (D:2)
  A dart slug (D:1)
  4 leopard geckos
  32 orcs
  5 giant cockroaches
  10 goblins
  10 hobgoblins
  4 jackals
  4 quokkas
  2 ball pythons
  10 bats
  6 frilled lizards (D:2)
  A jackal skeleton (D:4)
  A jackal zombie (D:3)
  10 kobolds
  A kobold skeleton (D:3)
  A quokka skeleton (D:6)
  6 rats
243 creatures vanquished.

Notes
Turn   | Place    | Note
-------+----------+-------------------------------------------
     0 | D:1      | n0claF the Centaur Hunter began the quest for the Orb.
     0 | D:1      | Reached XP level 1. HP: 17/17 MP: 1/1
    49 | D:1      | Reached XP level 2. HP: 24/24 MP: 2/2
   501 | D:1      | Reached XP level 3. HP: 30/30 MP: 3/3
   690 | D:2      | Reached skill level 6 in Bows
   839 | D:2      | Found an opulent altar of Gozag.
  1100 | D:2      | Reached XP level 4. HP: 37/37 MP: 4/4
  1526 | D:3      | Noticed an angel
  1527 | D:3      | Found a shimmering altar of Xom.
  1528 | D:3      | Found a glowing silver altar of Zin.
  1916 | D:3      | Reached XP level 5. HP: 31/44 MP: 5/5
  2097 | D:3      | Found a faded altar of an unknown god.
  2202 | D:3      | Found a runed translucent door.
  2202 | D:3      | Noticed a human
  2207 | D:3      | Found a basalt altar of Yredelemnul.
  2382 | D:3      | Killed a human
  2382 | D:3      | Reached skill level 7 in Bows
  2486 | D:4      | Reached XP level 6. HP: 47/51 MP: 6/6
  2721 | D:4      | Reached skill level 8 in Bows
  2996 | D:4      | Reached XP level 7. HP: 58/58 MP: 7/7
  3076 | D:4      | Found a radiant altar of Vehumet.
  3360 | D:5      | Entered Level 5 of the Dungeon
  3375 | D:5      | Noticed a yak
  3375 | D:5      | Noticed a yak
  3375 | D:5      | Noticed a yak
  3471 | D:4      | Killed a yak
  3687 | D:4      | Reached skill level 1 in Maces & Flails
  3735 | D:5      | Noticed a yak
  3785 | D:4      | Killed a yak
  3785 | D:4      | Reached skill level 9 in Bows
  3880 | D:4      | Killed a yak
  3880 | D:4      | Reached XP level 8. HP: 43/67 MP: 8/8
  4441 | D:5      | Reached skill level 5 in Dodging
  4552 | D:5      | Found Odeveyco's Antique Weapon Boutique.
  4656 | D:6      | Found a hazy altar of Hepliaklqana.
  4722 | D:6      | Reached skill level 10 in Bows
  5037 | D:5      | Reached skill level 5 in Fighting
  5183 | D:6      | Found a staircase to the Ecumenical Temple.
  5189 | Temple   | Entered the Ecumenical Temple
  5226 | Temple   | Became a worshipper of Warmaster Okawaru
  5576 | D:6      | Found a sparkling altar of Nemelex Xobeh.
  5680 | D:6      | Found a hide-covered altar of Uskayaw.
  5696 | D:6      | Noticed Eustachio
  6066 | D:6      | Killed Eustachio
  6086 | D:6      | Found Ujuolaas's Gadget Emporium.
  6212 | D:6      | Reached XP level 9. HP: 74/74 MP: 9/9
  6622 | D:7      | Reached * piety under Okawaru
  6813 | D:7      | Reached skill level 11 in Bows
  7893 | D:7      | Reached ** piety under Okawaru
  8412 | D:8      | Reached skill level 12 in Bows
  8614 | D:8      | Reached XP level 10. HP: 69/83 MP: 10/10
  9206 | D:8      | Noticed a two-headed ogre
  9302 | D:8      | Found a bloodstained altar of Trog.
  9353 | D:8      | Killed a two-headed ogre
  9353 | D:8      | Reached *** piety under Okawaru
  9422 | D:8      | Found a stormy altar of Qazlal.
  9787 | D:8      | Got a silken robe
  9818 | D:8      | Found a deep blue altar of Sif Muna.
  9818 | D:8      | Found a hide-covered altar of Uskayaw.
  9819 | D:8      | Found a shattered altar of Ashenzari.
 10492 | D:8      | Found a sacrificial altar of Ru.
 10738 | D:8      | Reached skill level 5 in Maces & Flails
 10997 | D:8      | Reached skill level 13 in Bows
 11076 | D:8      | Found a staircase to the Lair.
 11279 | D:6      | Bought a wand of digging (3) for 154 gold pieces
 11289 | D:6      | Identified the cursed +0 robe of the Five Friends {rF+}
                  | (You found it on level 8 of the Dungeon)
 11336 | D:7      | Got a transparent dagger
 11337 | D:7      | Identified the +2 dagger "Dawofa" {freeze, MP+9 Str+3
                  | Dex+4} (You found it on level 7 of the Dungeon)
 11403 | D:8      | Got a jewelled falchion
 11404 | D:8      | Identified the +7 falchion "Beomif" {drain, rPois MR+} (You
                  | found it on level 8 of the Dungeon)
 11449 | D:8      | Reached **** piety under Okawaru
 11638 | D:9      | Reached skill level 1 in Short Blades
 11980 | D:9      | Found a shimmering altar of Xom.
 12455 | D:10     | Entered Level 10 of the Dungeon
 12619 | D:10     | Noticed a gargoyle
 12651 | D:10     | Killed a gargoyle
 12737 | D:10     | Noticed a harpy
 12831 | D:10     | Reached XP level 11. HP: 92/92 MP: 11/11
 13269 | D:10     | Noticed Erica
 13332 | D:9      | Killed Erica
 13332 | D:9      | Reached ***** piety under Okawaru
 13332 | D:9      | Received a gift from Okawaru
 14009 | D:10     | Noticed a two-headed ogre
 14044 | D:10     | Killed a two-headed ogre
 14151 | D:10     | Noticed Fannar
 16132 | D:9      | Killed from afar by Fannar

Skill      XL: |  1  2  3  4  5  6  7  8  9 10 11 |
---------------+----------------------------------+-----
Dodging        | 2 3 4 5 6 7 8 |  8.2
Bows           | 6 7 8 9 10 12 13 | 13.9
Fighting       | 3 4 5 6 7 |  7.6
Maces & Flails | 1 3 4 5 |  5.1
Short Blades   | 2 3 |  3.5
Stealth        | |  0.4

Action                   |  1- 3 |  4- 6 |  7- 9 | 10-12 || total
-------------------------+-------+-------+-------+-------++-------
Melee: Shortbow          |     8 |       |       |       ||     8
       Kick              |     2 |       |     6 |    34 ||    42
       Whip              |       |       |    12 |    21 ||    33
       Falchion          |       |       |       |    93 ||    93
 Fire: Shortbow          |   131 |   181 |   548 |   532 ||  1392
Invok: Heroism           |       |       |       |     1 ||     1
Evoke: Wand              |       |       |       |     2 ||     2
  Use: Scroll            |       |       |    17 |     4 ||    21
       Potion            |       |       |       |     7 ||     7
  Eat: Chunk             |       |     4 |    11 |    11 ||    26
       Ration            |       |       |     1 |     3 ||     4
Armor: Leather armour    |    25 |    12 |    63 |    42 ||   142
       Steam dragon scal |       |       |       |    21 ||    21
Dodge: Dodged            |    45 |    32 |   126 |   217 ||   420
Block: Other             |       |       |       |     8 ||     8
       Rpst.: Falchion   |       |       |       |    27 ||    27
